 Dungeon Crawl Stone Soup version 0.18.1-48-g4cf74bf (webtiles) character file.

114 wutend the Bolt Thrower (level 5, -3/30 HPs)
             Began as a Kobold Hunter on Aug 16, 2016.
             Killed from afar by an orc wizard (10 damage)
             ... with a magic dart
             ... on level 3 of the Dungeon.
             The game lasted 00:09:49 (2203 turns).

wutend the Bolt Thrower (Kobold Hunter)             Turns: 2203, Time: 00:09:49

Health: -3/30      AC:  4    Str: 10    XL:     5   Next: 19%
Magic:  5/5        EV: 15    Int:  9    God:
Gold:   86         SH:  3    Dex: 18    Spells: 0 memorised, 4 levels left

rFire  . . .     SeeInvis .     n - +2 short sword (venom)
rCold  . . .     Gourm    .     c - +0 leather armour
rNeg   . . .     Faith    .     (shield restricted)
rPois  .         Spirit   .     (no helmet)
rElec  .         Dismiss  .     k - +0 cloak
rCorr  .         Reflect  +     (no gloves)
SustAt .         Harm     .     (no boots)
MR     .....                    p - +3 amulet of reflection
Stlth  +++.......               (no ring)
                                (no ring)

@: not resistant to hostile enchantments, fairly stealthy
A: carnivore 3
a: no special abilities


You were on level 3 of the Dungeon.
You were not hungry.

You visited 1 branch of the dungeon, and saw 3 of its levels.

You collected 86 gold pieces.

Inventory:

Hand Weapons
 a - a +1 hand crossbow
 n - a +2 short sword of venom (weapon)
Missiles
 d - 37 bolts
Armour
 c - a +0 leather armour (worn)
 k - a +0 cloak (worn)
Jewellery
 p - a +3 amulet of reflection (around neck)
Scrolls
 b - a scroll of fear {unknown}
 m - a scroll of identify {unknown}
 o - a scroll of magic mapping {unknown}
 r - a scroll of remove curse {unknown}
Potions
 e - a potion of haste {unknown}
 g - a potion of berserk rage {unknown}
 h - a potion of brilliance {unknown}
 j - a potion of degeneration {unknown}
 l - a potion of flight {unknown}
Comestibles
 f - 5 meat rations
 i - a beef jerky
 q - a slice of pizza


   Skills:
 - Level 2.1 Fighting
 * Level 6.6 Crossbows
 - Level 2.4 Dodging
 + Level 3.9 Stealth


You had 4 spell levels left.
You didn't know any spells.

Dungeon Overview and Level Annotations

Branches:
Dungeon (3/15)

Altars:
Sif Muna
Trog


Innate Abilities, Weirdness & Mutations

You are small and have problems with some larger weapons.
You are carnivorous and can eat meat at any time.


Message History

You hit the worm.
The worm is poisoned.
The worm is moderately wounded.
The worm bites you!
You hit the worm.
The worm looks even sicker.
The worm is heavily wounded.
The worm bites you!
You hit the worm.
The worm is severely wounded.
You hit the worm.
You kill the worm!
The orc wizard points at you and mumbles some strange words.
The magic dart hits you!
* * * LOW HITPOINT WARNING * * *
You closely miss the orc. You hit the orc wizard.
The orc wizard is poisoned.
The orc wizard is lightly wounded.
The orc wizard misses you.
The orc wizard points at you and mumbles some strange words.
The magic dart hits you!
You die...

#.. ##### ..# .# #...
#... o.# ..#
#..?.#... ..#...#
#........ ......#
#....##.###......#
#.................
#......o..).......
#.#..##o###..#...#
#.>..##@# ..# ...
#.......## ..# #
.........# ..#..
..###..##..##.[#..
................#
..###..##..##..#..##.
.....................
..###..##...........
... ................#
..#


You could see an orc wizard and an orc.

Vanquished Creatures
  Robin (D:2)
  An adder (D:2)
  2 oozes (D:1)
  4 worms
  6 dart slugs
  2 giant geckos
  4 orcs (D:3)
  2 giant cockroaches (D:2)
  12 goblins
  7 hobgoblins
  A ball python (D:2)
  7 bats
  2 giant newts
  4 kobolds
  2 rats (D:1)
57 creatures vanquished.

Notes
Turn   | Place    | Note
--------------------------------------------------------------
     0 | D:1      | wutend the Kobold Hunter began the quest for the Orb.
     0 | D:1      | Reached XP level 1. HP: 12/12 MP: 1/1
    14 | D:1      | Reached skill level 5 in Crossbows
    81 | D:1      | Reached XP level 2. HP: 17/17 MP: 2/2
   262 | D:1      | Reached XP level 3. HP: 21/21 MP: 3/3
   791 | D:2      | HP: 1/21 [worm (10)]
  1200 | D:2      | Reached XP level 4. HP: 25/26 MP: 4/4
  1248 | D:2      | Reached skill level 6 in Crossbows
  1274 | D:2      | Noticed Robin
  1279 | D:2      | Killed Robin
  1877 | D:2      | Reached XP level 5. HP: 30/30 MP: 5/5
  2089 | D:2      | Found a bloodstained altar of Trog.
  2089 | D:2      | Found a deep blue altar of Sif Muna.
  2203 | D:3      | Killed from afar by an orc wizard

Skill      XL: |  1  2  3  4 |
---------------+-------------+-----
Crossbows      | 5 6 |  6.6
Stealth        | 2 3 |  3.9
Fighting       | |  2.1
Dodging        | |  2.4

Action                   |  1- 3 |  4- 6 || total
-------------------------+-------+-------++-------
Melee: Short sword       |    29 |    58 ||    87
 Fire: Hand crossbow     |    25 |     5 ||    30
 Stab: Sleeping          |     4 |     5 ||     9
  Eat: Chunk             |     1 |     6 ||     7
Armor: Leather armour    |     9 |    11 ||    20
Dodge: Dodged            |    17 |    38 ||    55
Block: Other             |       |     3 ||     3
